AoeStats
← tavoo

Arabia

507814222Analyzed
1v1 RM · 14d ago on Sep 19, 2026· 43m 48s· 2 players
Game mode
Random Map
Map size
Tiny (2 player)
Population
200
Speed
Normal
Resources
Standard
Victory
Conquest
Starting age
Dark Age
Ending age
Imperial Age
RankedLock teamsTeams togetherTeam positionsShared explorationLock speedFull tech treeHidden civsTurbo modeCheats
Victory
Defeat
🇲🇽 Tatars · Mexico
1383
+15
🇨🇱 Bengalis · Chile
1354
-15
tanno
6:15 Loom
9:02 Feudal Age
9:43 Double-Bit Axe
11:22 Horse Collar
18:59 Fletching
19:09 Padded Archer Armor
19:09 Scale Mail Armor
19:09 Padded Archer Armor
26:43 Castle Age
27:29 Elite Skirmisher
28:34 Bodkin Arrow
28:54 Leather Archer Armor
30:24 Wheelbarrow
29:34 Town Watch
29:23 Crossbowman
31:51 Bow Saw
32:29 Leather Archer Armor
36:23 Hand Cart
36:15 Scale Barding Armor
38:49 Chain Barding Armor
42:37 Forging
46:28 Imperial Age
tavoo
6:52 Loom
9:34 Feudal Age
10:03 Double-Bit Axe
16:49 Wheelbarrow
17:15 Gold Mining
17:40 Fletching
26:11 Castle Age
25:19 Scale Barding Armor
25:46 Bloodlines
26:45 Padded Archer Armor
26:30 Crossbowman
30:37 Ballistics
32:04 Gold Shaft Mining
31:37 Husbandry
32:56 Elite Skirmisher
33:48 Horse Collar
36:08 Treadmill Crane
36:53 Bodkin Arrow
43:20 Imperial Age
42:06 Husbandry
44:08 Hand Cart
Connection lost

Rejoining the realm…

Still unreachable

The connection could not be restored.

Session expired

The server has moved on; the page needs a fresh start.